 Dungeon Crawl Stone Soup version 0.27-a0-538-g15ff5c5295 (webtiles) character file.

Game seed: 13085024297577723801

71 Goblin1989 the Sneak (level 4, 0/35 HPs)
             Began as a Demonspawn Delver on Mar 6, 2021.
             Was an Initiate of Wu Jian.
             Slain by a sky beast (5 damage)
             ... on level 3 of the Dungeon.
             The game lasted 00:02:53 (792 turns).

Goblin1989 the Sneak (Demonspawn Delver)             Turns: 792, Time: 00:02:54

Health: 0/35       AC:  3    Str: 13    XL:     4   Next: 5%
Magic:  4/4        EV: 11    Int: 12    God:    Wu Jian [......]
Gold:   24         SH:  0    Dex: 14    Spells: 3/3 levels left

rFire    . . .     SeeInvis .   a - +0 mace
rCold    . . .     Faith    .   (no shield)
rNeg     . . .     Spirit   .   b - +0 leather armour
rPois    .         Reflect  .   (no helmet)
rElec    .         Harm     .   (no cloak)
rCorr    .         Rampage  .   (no gloves)
Will     .....                  (no boots)
Stlth    ++........             (no amulet)
HPRegen  0.11/turn              (no ring)
MPRegen  0.18/turn              (no ring)

@: no status effects
A: demonic guardian 1, magic regeneration
a: Renounce Religion


You were on level 3 of the Dungeon.
You worshipped Wu Jian.
Wu Jian was noncommittal.
You visited 1 branch of the dungeon, and saw 3 of its levels.

You collected 24 gold pieces.

Inventory:

Hand Weapons
 a - a +0 mace (weapon)
Armour
 b - a +0 leather armour (worn)
Wands
 g - a wand of digging (1) {@v1}
Scrolls
 c - a scroll of fog
 M - a scroll of magic mapping
 O - a scroll of enchant weapon {unknown}
Potions
 f - a potion of haste {@q3,}
 N - a potion of flight {unknown}
 P - a potion of degeneration {unknown}
 Q - 2 potions of curing {unknown}


   Skills:
 - Level 3.0 Fighting
 + Level 4.0 Maces & Flails
 - Level 1.7 Dodging
 - Level 4.5 Stealth


You had 3 spell levels left.
You didn't know any spells.
Your spell library was empty.

Dungeon Overview and Level Annotations

Branches:
Dungeon (5/15)
 Temple: D:4-7

Altars:
Kikubaaqudgha
Qazlal
Wu Jian

Annotations:
D:4 Menkaure


Innate Abilities, Weirdness & Mutations

A weak demonic guardian rushes to your aid.
You regenerate magic rapidly.


Message History

You take 5 damage, and have 20/29 hp.
You hit the worker ant.
The worker ant is moderately wounded.
The worker ant bites you but does no damage.
You hit the worker ant.
The worker ant is severely wounded.
The worker ant barely misses you. The worker ant bites you.
You take 3 damage, and have 17/29 hp.
You hit the worker ant.
The worker ant is almost dead.
The worker ant closely misses you.
You thump the worker ant!
You kill the worker ant!
The Council accepts your kill.
Your Maces & Flails skill increases to level 4!
You have reached level 4!
You feel clever.
You regained 4 hp, and now have 21/35 hp.
MP restored: 4 Unknown command.
You start resting.
HP restored.
Health restored: 35
Found a stone staircase leading down.
You now have 24 gold pieces (gained 10).
Found a lumpy green potion.
Q - 2 lumpy green potions (gained 1)
An ogre comes into view. It is wielding a +0 giant spiked club.
The ogre shouts!
The ogre hits you with a +0 giant spiked club.
You take 5 damage, and have 30/35 hp.
Found 12 arrows.
Found 20 bolts.
As you read the scroll of fear, it crumbles to dust.
You assume a fearsome visage.
The ogre looks frightened!
Found 24 stones.
The ogre seems to regain its courage.
Found an encrusted silver wand.
Found a stone staircase leading down.
Found 2 metallic puce potions and a crooked copper wand.
Found 13 gold pieces.
Menkaure, Prince of Dust comes into view.
Found a hand axe. 2 jackals come into view.
Found 18 arrows.
Health restored: 35
Found a lumpy green potion.
You see here 18 arrows.
A sky beast comes into view.
You see here a lumpy green potion.
The sky beast flickers out of sight!
Deactivating autopickup; reactivate with Ctrl-A.
Found a scroll of fog.
Something hits you. Something shocks you.
Found a robe.
You take 7 damage, and have 28/35 hp.
Found 15 stones.
A kobold skeleton comes into view.
You see here 15 stones {@Q3}.
Found 19 stones.
A worm comes into view.
A sky beast appears from thin air!
Reactivating autopickup.
Found 4 gold pieces.
Found a stone staircase leading up.
Found 3 boomerangs.
Found a buckler.
Found a stone staircase leading up.
The worm barely misses you.
Found a stone staircase leading up.
The sky beast flickers out of sight!
Deactivating autopickup; reactivate with Ctrl-A.
The worm barely misses you.
There is a stone staircase leading up here.
Something hits you. Something shocks you.
You climb upwards.
Reactivating autopickup.
A rat comes into view.
There is a stone staircase leading down here.
You take 7 damage, and have 23/35 hp.
A sky beast appears from thin air!
A bat comes into view.
The sky beast flickers out of sight!
Deactivating autopickup; reactivate with Ctrl-A.
The bat closely misses you.
You closely miss something. The bat barely misses you. Something hits you.
Something shocks you.
You take 7 damage, and have 16/35 hp.
You miss something. The bat barely misses you.
A sky beast appears from thin air!
Reactivating autopickup.
The sky beast hits you.
* * * LOW HITPOINT WARNING * * *
The sky beast shocks you.
* * * LOW HITPOINT WARNING * * *
You take 8 damage, and have 8/35 hp.
MASSIVE DAMAGE!!
You hit the sky beast.
The sky beast is lightly wounded.
The sky beast hits you.
* * * LOW HITPOINT WARNING * * *
A demonic guardian appears!
The sky beast shocks you.
You die... █.█ ... █.█ █.█ █.█ █.█ █b█ █@█ █Y█ ███5████████

█...........
█...>██████
█...≈.█
.r......██
██████.██
█.█


You could see a sky beast (ally target), a bat and a friendly white imp
(summoned).

Vanquished Creatures
  A hound (D:5)
  A worker ant (D:4)
  A shadow imp (D:5)
  4 orcs (D:5)
  2 jackals (D:5)
  A leopard gecko skeleton (D:5)
10 creatures vanquished.

Notes
Turn   | Place    | Note
-------+----------+-------------------------------------------
     0 | D:5      | Goblin1989 the Demonspawn Delver began the quest for the
                  | Orb.
     0 | D:5      | Reached XP level 1. HP: 18/18 MP: 1/1
     2 | D:5      | Found an ancient bone altar of Kikubaaqudgha.
    31 | D:5      | Found an ornate altar of the Wu Jian Council.
    36 | D:5      | Became a worshipper of the Wu Jian Council
   113 | D:5      | Found a stormy altar of Qazlal.
   145 | D:5      | Gained mutation: You regenerate magic rapidly. [demonic
                  | ancestry]
   145 | D:5      | Reached XP level 2. HP: 21/24 MP: 2/2
   330 | D:5      | Gained mutation: A weak demonic guardian rushes to your
                  | aid. [demonic ancestry]
   330 | D:5      | Reached XP level 3. HP: 18/29 MP: 3/3
   527 | D:5      | Noticed a water moccasin
   537 | D:4      | Reached XP level 4. HP: 21/35 MP: 4/4
   686 | D:4      | Noticed an ogre
   749 | D:4      | Noticed Menkaure
   761 | D:4      | Noticed a sky beast
   792 | D:3      | Slain by a sky beast

Illustrated notes

Levels and vault maps discovered:
D:3:      layout_loops_corners
D:4:      layout_cave_pools, nicolae_tso_besieged_by_evil, uniq_menkaure
D:5:      layout_loops_cross, nicolae_dithmenos_through_a_glass_darkly,
          nicolae_overflow_hidden_temple, grunt_qazlal_clouds, basic_altar,
          uniq_blork_the_orc

Skill      XL: |  1  2  3 |
---------------+----------+-----
Maces & Flails | 2 3 4 |  4.0
Fighting       | |  3.0
Dodging        | |  1.7
Stealth        | |  4.5

Action                   |  1- 3 |  4- 6 || total
-------------------------+-------+-------++-------
Melee: Mace              |    43 |     3 ||    46
Invok: Lunge             |     1 |       ||     1
Evoke: Wand              |     2 |       ||     2
  Use: Scroll            |       |     1 ||     1
Armor: Leather armour    |     3 |       ||     3
Dodge: Dodged            |    26 |     5 ||    31

Table legend: (Time is in decaauts)
 A = Elapsed time spent in this place.
 B = Non-inter-level travel time spent in this place.
 C = Inter-level travel time spent in this place.
 D = Time resting spent in this place.
 E = Time spent auto-exploring this place.
 F = Levels seen in this place.
 G = Mean time per level.
                   A        B        C        D        E       F      G
               +--------+--------+--------+--------+--------+-----+--------+
         Total |    803 |    803 |      0 |    429 |      0 |   3 |  267.7 |
       Dungeon |    803 |    803 |      0 |    429 |      0 |   3 |  267.7 |
               +--------+--------+--------+--------+--------+-----+--------+

Top non-repeatable levels by time:
     D:5: 540 daAuts
     D:4: 256 daAuts
     D:3: 7 daAuts
